[Event "Wednesday Apr 11 Engine Tour 9 Rd Swiss 12m+1s Starts at 1600hrs ST"]
[Site "Infinity Chess"]
[Date "2018.4.11"]
[Round "5"]
[White "localhero"]
[Black "SkyPilot"]
[Result "0-1"]
[ECO "C77"]
[WhiteElo "2444"]
[BlackElo "2493"]
[WhiteEngine "asmFishW_2017-10-04_popcnt"]
[BlackEngine "stockfish_x64_bmi2_2018_04_07_CTG"]
[EventType "Swiss"]
[WhiteTeam ""]
[BlackTeam ""]
[PlyCount "244"]
[TimeControl "720+1"]

1. e4 e5 2. Nf3 Nc6 3. Bb5 a6 4. Ba4 Nf6 5. O-O Be7 6. Re1 b5 7. Bb3 O-O 
8. c3 d5 9. exd5 Nxd5 10. Nxe5 Nxe5 11. Rxe5 c6 12. d4 Bd6 13. Re1 Qh4 
14. g3 Qh3 15. Be3 Bg4 16. Qd3 Rae8 17. Nd2 Re6 18. a4 Qh5 19. axb5 axb5 
20. Nf1 Bf5 21. Qd2 Bh3 22. Bd1 Qg6 23. Bf3 Qf5 24. Qd1 h5 25. Ra6 Bc7 
26. Bh1 Rfe8 27. Qb1 Qg4 28. Qd3 h4 29. Bxd5 cxd5 30. Rxe6 Qxe6 31. Nd2 Qd7 
32. Nf1 Qe6 33. Nd2 Qd7 34. Nf3 hxg3 35. hxg3 Bf5 36. Qf1 Bh3 37. Qd3 Bf5 
38. Qf1 f6 39. Bc1 Rf8 40. Nd2 Kf7 41. Nb3 Bg4 42. Qg2 Rh8 43. Nc5 Qf5 
44. Re3 Bd6 45. Bd2 g5 46. Nb7 Bb8 47. Nc5 Bh3 48. Qf3 Bf4 49. Nb7 Bg4 
50. Qg2 Bb8 51. Nc5 Bh3 52. Qf3 Bf4 53. Nb7 Bg4 54. Qg2 Bc7 55. Nc5 Bd6 
56. Nb7 Bc7 57. Nc5 Bb8 58. Bc1 Bd6 59. Nb7 Be7 60. Nc5 Bd6 61. Nb7 Bc7 
62. Nc5 Rh3 63. Ne6 Bd6 64. Nd8+ Kg6 65. Nb7 Bb8 66. Nc5 Bd6 67. Nb7 Bc7 
68. Nc5 Rh7 69. f3 Bh3 70. Qf2 Bd6 71. Re1 Rh8 72. Nb7 Bc7 73. Nc5 Kf7 
74. Be3 Qh7 75. Qh2 Qf5 76. Qf2 Qh7 77. Qh2 Qh5 78. Kf2 Qg6 79. Kg1 Qh5 
80. Kf2 Qg6 81. Kg1 Kg7 82. b4 Bd6 83. Ra1 Qe8 84. Re1 Rh6 85. Nb7 Bb8 
86. Bd2 Qh8 87. Qe2 Bxg3 88. Qe7+ Kg6 89. Qe8+ Qxe8 90. Rxe8 Bf5 91. Nc5 Rh2 
92. Be1 Bf4 93. Bf2 Rh3 94. Kg2 Kf7 95. Rd8 g4 96. fxg4 Bxg4 97. Rxd5 Rxc3 
98. Kf1 Bh3+ 99. Ke2 Ra3 100. Rd8 Bg2 101. Be1 f5 102. Rf8+ Kxf8 103. Ne6+ Kf7 
104. Nxf4 Bf3+ 105. Kd2 Ra1 106. Nd3 Rd1+ 107. Ke3 f4+ 108. Nxf4 Rxe1+ 
109. Kd3 Kf6 110. Nh3 Kf5 111. Nf2 Kf4 112. Nh3+ Kg4 113. d5 Kxh3 114. d6 Rd1+ 
115. Kc2 Kg3 116. Kc3 Kf4 117. Kb3 Ke3 118. Kb2 Rd2+ 119. Ka1 Kd3 120. d7 Kc2 
121. d8=Q Rxd8 122. Ka2 Ra8# 0-1

[Event "Wednesday Apr 11 Engine Tour 9 Rd Swiss 12m+1s Starts at 1600hrs ST"]
[Site "Infinity Chess"]
[Date "2018.4.11"]
[Round "4"]
[White "ocirema"]
[Black "CrapCleaner"]
[Result "1/2-1/2"]
[ECO "C50"]
[WhiteElo "2443"]
[BlackElo "2482"]
[WhiteEngine "asmFishW_2018-04-08_popcnt"]
[BlackEngine "Raubfisch X38a._CTG"]
[EventType "Swiss"]
[WhiteTeam ""]
[BlackTeam ""]
[PlyCount "132"]
[TimeControl "720+1"]

1. e4 e5 2. Nf3 Nc6 3. Bc4 Bc5 4. O-O Nf6 5. d3 d6 6. c3 a5 7. Re1 O-O 8. h3 h6 
9. Nbd2 Be6 10. a4 Bb6 11. Bxe6 fxe6 12. Nc4 Bc5 13. Be3 Bxe3 14. Rxe3 Qd7 
15. Qb3 Nh5 16. Qb5 Rf7 17. d4 exd4 18. cxd4 Nf4 19. Rc1 Nb4 20. Qxd7 Rxd7 
21. Rd1 b6 22. Rd2 Re8 23. h4 Ng6 24. g3 Nf8 25. Rc3 Rf7 26. Re2 Na2 27. Ra3 Nb4 
28. Rc3 Na2 29. Ra3 Nb4 30. Ne1 Nd7 31. f4 Rc8 32. Nf3 Nf6 33. Rc3 Rff8 
34. Ncd2 Rfd8 35. Kg2 d5 36. exd5 exd5 37. b3 h5 38. Ng5 Re8 39. Re5 c5 
40. Rxe8+ Nxe8 41. dxc5 bxc5 42. Ne6 Na6 43. Rd3 Nf6 44. f5 Nb4 45. Rc3 Nd7 
46. Kh3 Nc6 47. Nf4 Ne7 48. Rc1 Nf6 49. Ne6 Nxf5 50. Rxc5 Rxc5 51. Nxc5 Nd4 
52. Nd3 Ne4 53. Nxe4 dxe4 54. Nc5 e3 55. Kg2 Kf8 56. Nd3 e2 57. Kf2 Nxb3 
58. Kxe2 Ke7 59. Kf3 Kf7 60. g4 hxg4+ 61. Kxg4 Kg6 62. h5+ Kh6 63. Ne5 Nc5 
64. Nf7+ Kh7 65. Nd6 Kg8 66. Kg5 Nxa4 1/2-1/2

[Event "Wednesday Apr 11 Engine Tour 9 Rd Swiss 12m+1s Starts at 1600hrs ST"]
[Site "Infinity Chess"]
[Date "2018.4.11"]
[Round "4"]
[White "NINJA_JENGKA"]
[Black "Harry_Potter"]
[Result "1/2-1/2"]
[ECO "A46"]
[WhiteElo "2401"]
[BlackElo "2474"]
[WhiteEngine "Houdini 6_CTG"]
[BlackEngine "Stockfish_x64_bmi2_CTG"]
[EventType "Swiss"]
[WhiteTeam ""]
[BlackTeam ""]
[PlyCount "182"]
[TimeControl "720+1"]

1. d4 Nf6 2. Nf3 d5 3. c4 e6 4. Nc3 Be7 5. e3 O-O 6. Bd3 dxc4 7. Bxc4 a6 
8. O-O c5 9. dxc5 Bxc5 10. Bd3 Nbd7 11. e4 Qc7 12. Qe2 Bd6 13. Rd1 h6 14. g3 b5 
15. Be3 Qb8 16. Rac1 Bb7 17. Nd2 Ne5 18. Bb1 Bc6 19. Bd4 Rc8 20. Qe1 Bc7 
21. Ne2 Bb7 22. Kg2 a5 23. b3 Rd8 24. f4 Nc6 25. Bxf6 gxf6 26. Nc3 Nd4 
27. Nf3 Nxf3 28. Kxf3 Ba6 29. Kg2 Qb6 30. Bd3 Bd6 31. Qe2 Ba3 32. Rc2 Bb4 
33. a4 bxa4 34. Nxa4 Bxd3 35. Rxd3 Qb7 36. Kh3 Rxd3 37. Qxd3 Be7 38. f5 Rd8 
39. Qe3 exf5 40. exf5 h5 41. Rf2 Bf8 42. Nb2 Qd5 43. Qf3 Bc5 44. Qxd5 Rxd5 
45. Rf1 Kh7 46. Nc4 Bb4 47. Kg2 Kh6 48. h4 Bc3 49. Rf3 Bb4 50. Rf1 Rd3 
51. Rf3 Rd8 52. Rf2 Rb8 53. Rf3 Rb5 54. Kh3 Rd5 55. Nb2 Kg7 56. Nc4 Be7 
57. Re3 Bb4 58. Rf3 Be7 59. Re3 Bf8 60. Rf3 Bb4 61. Kg2 Bf8 62. Kh3 Rb5 
63. Nd2 Re5 64. Nc4 Rd5 65. Rf2 Rd3 66. Kg2 Rd5 67. Rf4 Be7 68. Rf1 Bd6 
69. Nxd6 Rxd6 70. Rf4 Rd3 71. Rf3 Rd2+ 72. Kh3 Kh6 73. Rf4 Rd5 74. Rf3 Kg7 
75. g4 hxg4+ 76. Kxg4 Rb5 77. Kg3 Rb4 78. Rc3 Rb6 79. Kg4 Rb4+ 80. Kh5 Kf8 
81. Re3 a4 82. bxa4 Rxa4 83. Re1 Rf4 84. Ra1 Rxf5+ 85. Kh6 Rb5 86. Ra8+ Ke7 
87. Ra7+ Ke6 88. Ra6+ Kf5 89. Kg7 Kf4 90. Rxf6+ Kg4 91. Kxf7 Kxh4 1/2-1/2

[Event "Wednesday Apr 11 Engine Tour 9 Rd Swiss 12m+1s Starts at 1600hrs ST"]
[Site "Infinity Chess"]
[Date "2018.4.11"]
[Round "4"]
[White "Dovahkiin"]
[Black "star99"]
[Result "1/2-1/2"]
[ECO "B92"]
[WhiteElo "2395"]
[BlackElo "2412"]
[WhiteEngine "Raubfisch ME262_GTZ16f_CTG"]
[BlackEngine "Cryptic Heroes 9.3B"]
[EventType "Swiss"]
[WhiteTeam ""]
[BlackTeam ""]
[PlyCount "127"]
[TimeControl "720+1"]

1. e4 c5 2. Nf3 d6 3. d4 cxd4 4. Nxd4 Nf6 5. Nc3 a6 6. Be2 e5 7. Nb3 Be7 
8. O-O O-O 9. Qd3 Be6 10. Be3 Nbd7 11. Nd5 Nxd5 12. exd5 e4 13. Qxe4 Nf6 
14. Qd3 Bxd5 15. Rfe1 Be4 16. Qd2 Re8 17. f3 Bg6 18. Bd3 Nd7 19. Bf2 Qc7 
20. c3 Bxd3 21. Qxd3 Bf8 22. Rad1 Ne5 23. Qc2 g6 24. Re2 Nc4 25. Nd4 Bg7 
26. Rde1 Rxe2 27. Rxe2 Qa5 28. Qb3 Qd5 29. h3 Rc8 30. Qa4 Ne5 31. Qb3 Nc4 
32. a4 Be5 33. Qa2 Bg7 34. Qb3 Be5 35. Qa2 Bf6 36. Qa1 Be5 37. Qc1 Na5 
38. Qe1 Nc6 39. Nxc6 Qxc6 40. Re4 a5 41. Bd4 Re8 42. Bxe5 Rxe5 43. Rxe5 dxe5 
44. Qxe5 Qxa4 45. Kh2 Qh4 46. Qxa5 Qf4+ 47. Kg1 Qc1+ 48. Kf2 Qxb2+ 49. Kg3 Qe2 
50. Qd8+ Kg7 51. Qd4+ f6 52. c4 Qe5+ 53. Qxe5 fxe5 54. h4 Kf6 55. Kf2 Ke6 
56. Ke3 Kd6 57. Kd3 Kc5 58. g3 Kb4 59. g4 Kc5 60. h5 gxh5 61. gxh5 Kb4 
62. Ke4 Kxc4 63. Kxe5 b5 64. f4 1/2-1/2

[Event "Wednesday Apr 11 Engine Tour 9 Rd Swiss 12m+1s Starts at 1600hrs ST"]
[Site "Infinity Chess"]
[Date "2018.4.11"]
[Round "4"]
[White "localhero"]
[Black "Deep_Impact"]
[Result "1-0"]
[ECO "B12"]
[WhiteElo "2427"]
[BlackElo "2446"]
[WhiteEngine "asmFishW_2017-10-04_popcnt"]
[BlackEngine "asmFishW_2018-04-07_bmi2"]
[EventType "Swiss"]
[WhiteTeam ""]
[BlackTeam ""]
[PlyCount "321"]
[TimeControl "720+1"]

1. e4 c6 2. d4 Qc7 3. Nf3 d6 4. c4 e5 5. Nc3 Nf6 6. h3 Nbd7 7. Be2 g6 8. Be3 Bg7 
9. d5 O-O 10. O-O a5 11. Rc1 Nc5 12. Nd2 Bd7 13. b3 Rfc8 14. Re1 Qd8 
15. dxc6 Bxc6 16. Qc2 b6 17. a3 Rab8 18. Qb1 Ne6 19. Nf3 Nc5 20. Bd3 Bd7 
21. Bf1 Bc6 22. Bg5 h6 23. Bd2 Bf8 24. Nh2 a4 25. b4 Nb3 26. Rcd1 Nxd2 
27. Rxd2 Bd7 28. Nf3 Kg7 29. Rc1 Qe7 30. Rdd1 Be6 31. Nd2 Nh5 32. Qd3 Qd7 
33. Qe3 Be7 34. Nf3 Qc6 35. g3 Qe8 36. Nb5 Rc6 37. Na7 Rc7 38. Nb5 Rc6 
39. Kg2 Bf8 40. Be2 Nf6 41. Nd2 Qe7 42. Nc3 Rcc8 43. Nxa4 Qa7 44. Nb2 Ra8 
45. Ra1 Be7 46. a4 Qd7 47. Rh1 h5 48. Nf3 Qb7 49. Bd3 Nd7 50. Rhc1 Nf8 
51. Kh2 Bd7 52. h4 Ra7 53. Bf1 Rca8 54. Nd2 Bg4 55. Be2 Bd7 56. b5 Be6 
57. Bd1 Nd7 58. Nd3 Qc8 59. Nb4 Rc7 60. Kg2 Bf6 61. Bb3 Be7 62. Ra2 Kh7 
63. Rca1 Nc5 64. Qf3 Bd8 65. Bc2 Nb7 66. Bd3 Kg7 67. Qe3 Nc5 68. Bc2 Nb7 
69. Bd3 Nc5 70. Bc2 Nb7 71. Na6 Rxa6 72. bxa6 Nc5 73. a5 Ra7 74. axb6 Bxb6 
75. Rb1 Rxa6 76. Rxa6 Qxa6 77. f4 Bg4 78. f5 Nd7 79. Qd3 Bd4 80. Nb3 Ba7 
81. fxg6 Kxg6 82. Ra1 Qb6 83. Rf1 Be6 84. c5 dxc5 85. Nd2 c4 86. Nxc4 Qc5 
87. Nd6 Nf6 88. Bd1 Qb4 89. Kh1 Kg7 90. Be2 Bh3 91. Rb1 Qc5 92. Kh2 Bg4 
93. Rf1 Kf8 94. Nxf7 Kxf7 95. Bxg4 hxg4 96. Qd7+ Qe7 97. Qxg4 Be3 98. Kg2 Qd6 
99. Qf3 Bh6 100. Qf5 Kg7 101. Rf3 Qd2+ 102. Kh3 Qd6 103. Rc3 Nd7 104. Rb3 Qc7 
105. h5 Kh8 106. Qe6 Qc1 107. Rf3 Nf8 108. Qxe5+ Kg8 109. Qd5+ Kh8 110. Qe5+ Kg8 
111. Qf5 Bg7 112. Rd3 Qc7 113. Ra3 Qc1 114. Ra7 Kh8 115. Ra8 Kg8 116. Qd5+ Kh8 
117. Kg4 Qc2 118. Qf5 Kg8 119. Rd8 Qb1 120. e5 Qb4+ 121. Kh3 Qe7 122. Rc8 Qb7 
123. Kg4 Qa6 124. Kg5 Qa3 125. Kg4 Qa6 126. Rd8 Qc4+ 127. Kh3 Qc7 128. Re8 Qc6 
129. Re7 Qd5 130. Kg4 Qb3 131. Kh3 Qd5 132. Kg4 Qb3 133. Qf4 Nh7 134. Rd7 Bh6 
135. Qxh6 Nf6+ 136. Kh4 Nxd7 137. e6 Qc4+ 138. g4 Qf1 139. Qg5+ Kh8 
140. Qh6+ Kg8 141. exd7 Qf2+ 142. Kg5 Qd2+ 143. Kf5 Qd5+ 144. Kf4 Qd4+ 
145. Kf3 Qd1+ 146. Ke3 Qg1+ 147. Kd3 Qb1+ 148. Kd4 Qa1+ 149. Kd5 Qa2+ 
150. Kd6 Qa3+ 151. Kc7 Qa7+ 152. Kd8 Qa5+ 153. Ke7 Qc5+ 154. Qd6 Qg5+ 
155. Ke8 Qe3+ 156. Qe7 Qf4 157. Qe6+ Kh8 158. d8=Q Qa4+ 159. Ke7+ Qe8+ 
160. Qxe8+ Kh7 161. Q8g8# 1-0

[Event "Wednesday Apr 11 Engine Tour 9 Rd Swiss 12m+1s Starts at 1600hrs ST"]
[Site "Infinity Chess"]
[Date "2018.4.11"]
[Round "4"]
[White "Time_bandit"]
[Black "Murx"]
[Result "1/2-1/2"]
[ECO "B12"]
[WhiteElo "2435"]
[BlackElo "2460"]
[WhiteEngine "asmFishW_2018-02-02_popcnt"]
[BlackEngine "asmFishW_2018-04-07_popcnt"]
[EventType "Swiss"]
[WhiteTeam ""]
[BlackTeam ""]
[PlyCount "150"]
[TimeControl "720+1"]

1. e4 c6 2. d4 d5 3. e5 Bf5 4. Nf3 e6 5. Be2 Nd7 6. O-O Ne7 7. c3 h6 8. Nbd2 Qc7 
9. Re1 Bg6 10. b3 Nf5 11. Bd3 Be7 12. Nf1 O-O 13. Ng3 Nxg3 14. Bxg6 fxg6 
15. hxg3 g5 16. c4 Rfd8 17. Qc2 Nf8 18. c5 b6 19. Ba3 Qd7 20. g4 Qe8 21. Re3 Nd7 
22. Ne1 a5 23. Nd3 Qf7 24. Rc1 Rf8 25. Qe2 Qg6 26. Qd1 Rf7 27. Qc2 Rb8 
28. Qd2 Rff8 29. Kh2 Qf7 30. Rg3 Qg6 31. Re3 Rf7 32. Kg1 Ra8 33. Qd1 Rff8 
34. g3 Rf7 35. Kg2 Raf8 36. f3 h5 37. gxh5 Qh6 38. Nf2 bxc5 39. Bxc5 Bxc5 
40. dxc5 Qxh5 41. Qe2 Qh6 42. Rh1 Qg6 43. Qd3 Qxd3 44. Nxd3 Rb8 45. Ree1 Rb5 
46. Rd1 Rf5 47. g4 Rf8 48. Rdf1 Rfb8 49. Rc1 Kf7 50. Kg3 Kg6 51. f4 Rb4 
52. Rcf1 gxf4+ 53. Nxf4+ Rxf4 54. Rxf4 Nxc5 55. Rc1 Nd3 56. Rxc6 Nxf4 
57. Kxf4 Rb4+ 58. Kf3 Kg5 59. Rxe6 Rf4+ 60. Ke2 Kxg4 61. Ra6 Kf5 62. Ra7 Kxe5 
63. Rxg7 Kd4 64. Ra7 Re4+ 65. Kd1 Re3 66. Ra8 Rc3 67. Rxa5 Rd3+ 68. Kc1 Rc3+ 
69. Kb2 Rc8 70. a3 Ke4 71. b4 d4 72. Rc5 Rxc5 73. bxc5 Kd5 74. a4 Kxc5 
75. Kc2 Kb4 1/2-1/2

[Event "Wednesday Apr 11 Engine Tour 9 Rd Swiss 12m+1s Starts at 1600hrs ST"]
[Site "Infinity Chess"]
[Date "2018.4.11"]
[Round "4"]
[White "Thinker"]
[Black "Marsell"]
[Result "1/2-1/2"]
[ECO "C55"]
[WhiteElo "2433"]
[BlackElo "2463"]
[WhiteEngine "BrainFish_180408_x64_modern_CTG"]
[BlackEngine "BrainFish_180408_x64_bmi2"]
[EventType "Swiss"]
[WhiteTeam ""]
[BlackTeam ""]
[PlyCount "86"]
[TimeControl "720+1"]

1. e4 e5 2. Nf3 Nc6 3. Bc4 Nf6 4. d3 Bc5 5. c3 d6 6. O-O O-O 7. h3 a6 8. Re1 Ba7 
9. Bb3 h6 10. Nbd2 Re8 11. Nf1 Be6 12. Bc2 d5 13. Qe2 b5 14. Bd2 Qd7 15. Ng3 d4 
16. a4 Bc5 17. Rec1 Qd6 18. Qe1 Rab8 19. axb5 axb5 20. Ne2 Nxe4 21. dxe4 d3 
22. b4 Bb6 23. Bd1 dxe2 24. Bxe2 Ne7 25. Bxb5 Bxf2+ 26. Qxf2 Rxb5 27. c4 Rbb8 
28. c5 Qd3 29. Nxe5 Qxe4 30. Re1 Qf5 31. Qxf5 Bxf5 32. Ra7 f6 33. Nf3 Nd5 
34. Nd4 Bd3 35. g4 Re5 36. Nc6 Rxe1+ 37. Bxe1 Re8 38. Bg3 Re3 39. Bxc7 Re1+ 
40. Kh2 Re2+ 41. Kg1 Re1+ 42. Kh2 Re2+ 43. Kg1 Re1+ 1/2-1/2

[Event "Wednesday Apr 11 Engine Tour 9 Rd Swiss 12m+1s Starts at 1600hrs ST"]
[Site "Infinity Chess"]
[Date "2018.4.11"]
[Round "4"]
[White "Seliga"]
[Black "RonWeasley"]
[Result "1/2-1/2"]
[ECO "C00"]
[WhiteElo "2476"]
[BlackElo "2471"]
[WhiteEngine "SF9 ''A5''_CTG"]
[BlackEngine "BrainFish 090218_CTG"]
[EventType "Swiss"]
[WhiteTeam ""]
[BlackTeam ""]
[PlyCount "121"]
[TimeControl "720+1"]

1. e4 e6 2. Nc3 d5 3. d4 Nf6 4. Bg5 Bb4 5. e5 h6 6. Be3 Ne4 7. Qg4 Kf8 
8. Nge2 c5 9. dxc5 Qa5 10. O-O-O Nxc3 11. Nxc3 Bxc3 12. bxc3 Nc6 13. Kd2 Nxe5 
14. Qb4 Nc6 15. Qxa5 Nxa5 16. Rb1 Ke7 17. Rb5 Nc6 18. f4 Rd8 19. Be2 f6 
20. Rhb1 Rb8 21. c4 dxc4+ 22. Kc3 Kd7 23. Bxc4 Kc7 24. Bf2 Ne7 25. Ra5 Ra8 
26. Kb2 e5 27. fxe5 Nc6 28. Ra3 Nxe5 29. Bg3 Rd4 30. Bf7 Rd7 31. Bb3 Re7 
32. Bd5 Be6 33. c4 Rd8 34. Rd1 Red7 35. Rad3 b5 36. cxb6+ axb6 37. Kc3 Re7 
38. Bf3 Rxd3+ 39. Rxd3 Bf7 40. Kb4 Kc8 41. Bxe5 fxe5 42. Re3 Kc7 43. Ba8 Kc8 
44. Ra3 Rd7 45. Kb5 Rd2 46. Bf3 Kd8 47. Ra7 Rb2+ 48. Kc6 Bxc4 49. a4 g5 
50. Rg7 Ke8 51. Kd6 Kf8 52. Rc7 Bf1 53. Kxe5 Rf2 54. Rc6 Bxg2 55. Bxg2 Rxg2 
56. Rxh6 Rg4 57. Rd6 Rxa4 58. Kf5 Ra2 59. Kxg5 Rg2+ 60. Kf4 Rxh2 61. Rxb6 
1/2-1/2

[Event "Wednesday Apr 11 Engine Tour 9 Rd Swiss 12m+1s Starts at 1600hrs ST"]
[Site "Infinity Chess"]
[Date "2018.4.11"]
[Round "4"]
[White "Nigi"]
[Black "MarioDeMonti"]
[Result "1/2-1/2"]
[ECO "C77"]
[WhiteElo "2393"]
[BlackElo "2504"]
[WhiteEngine "stockfish_18040720_x64_bmi2"]
[BlackEngine "stockfish_x64_bmi2_2018_02_18_CTG"]
[EventType "Swiss"]
[WhiteTeam ""]
[BlackTeam ""]
[PlyCount "119"]
[TimeControl "720+1"]

1. e4 e5 2. Nf3 Nc6 3. Bb5 a6 4. Ba4 Nf6 5. O-O Be7 6. Re1 b5 7. Bb3 O-O 
8. c3 d5 9. exd5 Nxd5 10. Nxe5 Nxe5 11. Rxe5 c6 12. d4 Bd6 13. Re1 Qh4 
14. g3 Qh3 15. Qd3 Bg4 16. Be3 Rae8 17. Nd2 Re6 18. a4 Qh5 19. axb5 axb5 
20. Qf1 Bb8 21. Bxd5 Qxd5 22. Qg2 Qh5 23. h4 Be2 24. Ra6 Rc8 25. Ra8 Rf8 
26. Rea1 h6 27. R1a6 Qg4 28. Rb6 Bxg3 29. Rxf8+ Kxf8 30. Qxg3 Qxg3+ 
31. fxg3 Rxe3 32. Kf2 Re8 33. d5 cxd5 34. Nb3 Bd3 35. Nc1 Be4 36. Rxb5 Re5 
37. Rb8+ Ke7 38. Rb7+ Kf6 39. Rb6+ Re6 40. Rxe6+ fxe6 41. b4 Bf5 42. Nb3 Ke7 
43. Na5 Bd3 44. Ke3 Ba6 45. c4 dxc4 46. Kd4 e5+ 47. Kc3 Kd6 48. Nxc4+ Kd5 
49. Ne3+ Ke4 50. Nc4 Kf5 51. Nd6+ Kg4 52. b5 Bxb5 53. Nxb5 Kxg3 54. h5 Kg4 
55. Na3 e4 56. Nc2 e3 57. Nxe3+ Kxh5 58. Kd4 Kg5 59. Ke4 g6 60. Kf3 1/2-1/2

[Event "Wednesday Apr 11 Engine Tour 9 Rd Swiss 12m+1s Starts at 1600hrs ST"]
[Site "Infinity Chess"]
[Date "2018.4.11"]
[Round "4"]
[White "SkyPilot"]
[Black "MCDermont"]
[Result "1/2-1/2"]
[ECO "C55"]
[WhiteElo "2493"]
[BlackElo "2486"]
[WhiteEngine "stockfish_x64_bmi2_2018_04_07_CTG"]
[BlackEngine "BrainFish 090218"]
[EventType "Swiss"]
[WhiteTeam ""]
[BlackTeam ""]
[PlyCount "104"]
[TimeControl "720+1"]

1. e4 e5 2. Nf3 Nc6 3. Bc4 Nf6 4. d3 Bc5 5. O-O d6 6. c3 O-O 7. h3 a5 
8. Nbd2 Be6 9. Bb5 h6 10. Re1 Qb8 11. Nf1 Qa7 12. Ne3 a4 13. Re2 Rfd8 
14. Bxc6 bxc6 15. Nf1 Bb6 16. Ng3 c5 17. c4 c6 18. Nh4 Kh8 19. Nhf5 Ng8 
20. Bd2 Kh7 21. f4 d5 22. Qc2 dxc4 23. dxc4 Qd7 24. fxe5 Qd3 25. Be3 Qxc4 
26. Qxc4 Bxc4 27. Rc2 Be6 28. Nf1 Rab8 29. Nd2 Bxf5 30. exf5 Ne7 31. Rf1 Nd5 
32. Bxc5 Bxc5+ 33. Rxc5 Rxb2 34. Nc4 Rxa2 35. Rxc6 Rc2 36. Rd6 Rxd6 37. exd6 Nf6 
38. Ne5 Re2 39. d7 Rd2 40. Ra1 Nxd7 41. Nxd7 Rxd7 42. Rxa4 h5 43. Rh4 Kh6 
44. g4 Rd1+ 45. Kg2 Rd2+ 46. Kg3 g6 47. fxg6 fxg6 48. gxh5 g5 49. Ra4 Kxh5 
50. Kf3 Rd8 51. h4 g4+ 52. Rxg4 Rd3+ 1/2-1/2

[Event "Wednesday Apr 11 Engine Tour 9 Rd Swiss 12m+1s Starts at 1600hrs ST"]
[Site "Infinity Chess"]
[Date "2018.4.11"]
[Round "3"]
[White "Harry_Potter"]
[Black "hafaba"]
[Result "1/2-1/2"]
[ECO "B90"]
[WhiteElo "2475"]
[BlackElo "2453"]
[WhiteEngine "Stockfish_x64_bmi2_CTG"]
[BlackEngine "Eman 1.70-beta18x 64-bit POPCNT_CTG"]
[EventType "Swiss"]
[WhiteTeam ""]
[BlackTeam ""]
[PlyCount "138"]
[TimeControl "720+1"]

1. e4 c5 2. Nf3 d6 3. d4 cxd4 4. Nxd4 Nf6 5. Nc3 a6 6. Be3 e5 7. Nb3 Be6 
8. f3 h5 9. Qd2 Nbd7 10. Nd5 Bxd5 11. exd5 g6 12. Be2 Bg7 13. O-O b6 14. c4 O-O 
15. Rae1 Re8 16. Bf2 Qc7 17. Bd3 Rac8 18. h3 Nh7 19. a4 Nc5 20. Nxc5 bxc5 
21. Rb1 Nf6 22. Rfe1 Rb8 23. b3 Kh7 24. g4 e4 25. Bxe4 hxg4 26. hxg4 Nxe4 
27. fxe4 Be5 28. Kg2 Kg7 29. Rh1 Rh8 30. Qd3 Qe7 31. Qf3 Qf6 32. Qxf6+ Kxf6 
33. Rxh8 Rxh8 34. Bg3 Bxg3 35. Kxg3 Ke5 36. Re1 Rb8 37. Re3 g5 38. Kf2 a5 
39. Ke2 Rb4 40. Kf2 Kf4 41. Ke2 Kxg4 42. e5 dxe5 43. Rxe5 Kf4 44. Re3 Rb7 
45. Rf3+ Ke5 46. Rg3 f6 47. Re3+ Kd4 48. d6 Rd7 49. Rd3+ Ke4 50. Rd5 g4 
51. Kf2 Kf4 52. Kg2 g3 53. Rd1 f5 54. Rd5 Kg4 55. Rd2 f4 56. Rd3 Kf5 57. Kf3 Kg5 
58. Rd5+ Kh4 59. Rd1 Kg5 60. Rd5+ Kh6 61. Ke4 g2 62. Rd1 Kg7 63. Rg1 Rxd6 
64. Rxg2+ Kf6 65. Kxf4 Rd3 66. Ke4 Rxb3 67. Rg1 Rb4 68. Kd5 Rxa4 69. Kxc5 Ke7 
1/2-1/2

[Event "Wednesday Apr 11 Engine Tour 9 Rd Swiss 12m+1s Starts at 1600hrs ST"]
[Site "Infinity Chess"]
[Date "2018.4.11"]
[Round "3"]
[White "CrapCleaner"]
[Black "NINJA_JENGKA"]
[Result "1/2-1/2 "]
[ECO "B90"]
[WhiteElo "2486"]
[BlackElo "2397"]
[WhiteEngine "Raubfisch X38a._CTG"]
[BlackEngine "Houdini 6_CTG"]
[EventType "Swiss"]
[WhiteTeam ""]
[BlackTeam ""]
[PlyCount "205"]
[TimeControl "720+1"]

1. e4 c5 2. Nf3 d6 3. d4 cxd4 4. Nxd4 Nf6 5. Nc3 a6 6. Be3 e5 7. Nb3 Be6 
8. f3 h5 9. Qd2 Nbd7 10. Nd5 Nxd5 11. exd5 Bf5 12. Na5 Be7 13. Be2 Qc7 
14. O-O O-O 15. c4 Rfe8 16. b4 Nf6 17. Rad1 Bd7 18. Bd3 Ba4 19. Rc1 b6 
20. Nb3 Rab8 21. h3 h4 22. Bc2 Bxb3 23. axb3 Nh5 24. Rfe1 g6 25. Ra1 Ra8 
26. Red1 Red8 27. Ra3 Ng3 28. Bf2 Kg7 29. Rda1 Qb7 30. Kh2 Rdc8 31. Bxg3 hxg3+ 
32. Kxg3 Rh8 33. R3a2 Rh5 34. Kf2 Bg5 35. Qc3 Rh4 36. Bd3 Qc8 37. Ke2 Rd4 
38. Qe1 Bd8 39. Qf1 Bh4 40. Qc1 Qb7 41. b5 a5 42. b4 Qe7 43. bxa5 e4 
44. fxe4 Qe5 45. axb6 Qg3 46. Qc3 Rxa2+ 47. Rxa2 Bf6 48. b7 Rxe4+ 49. Bxe4 Qxc3 
50. b8=Q Qxc4+ 51. Kd1 Qxa2 52. Qc7 Qb3+ 53. Qc2 Qxb5 54. Qd3 Qb2 55. Qd2 Qa1+ 
56. Ke2 Qe5 57. Qb4 Kg8 58. Qb8+ Kh7 59. Qb4 Kg7 60. Kd3 Qf4 61. Qe1 Be5 
62. Kc2 Bd4 63. Bf3 Qf5+ 64. Kd2 Bb6 65. Qe4 Qf6 66. Kc2 Ba5 67. Qc4 Qf5+ 
68. Kb3 Qb1+ 69. Ka4 Bd8 70. Qb4 Qc2+ 71. Kb5 Qc7 72. Ka6 Bg5 73. Qb2+ Kh7 
74. Qb7 Qc4+ 75. Ka7 Kg7 76. Qb8 Be7 77. Kb7 Qf4 78. Kc7 Bf6 79. Kc8 Qe5 
80. Kc7 Qd4 81. Kc8 Qa4 82. Qb7 Qe8+ 83. Kc7 g5 84. Kxd6 g4 85. hxg4 Bd4 
86. g5 Be3 87. g6 Bf4+ 88. Kc5 Qe3+ 89. Kc4 Qc1+ 90. Kb5 Qb2+ 91. Ka6 Qa2+ 
92. Kb5 Qb2+ 93. Kc6 Qf6+ 94. Kb5 Qxg6 95. Kc4 Qc2+ 96. Kb5 Qb1+ 97. Kc6 Qc2+ 
98. Kb5 Be3 99. Qe7 Qb1+ 100. Qb4 Qd3+ 101. Ka4 Qc2+ 102. Kb5 Qd3+ 103. Kc6 
1/2-1/2

[Event "Wednesday Apr 11 Engine Tour 9 Rd Swiss 12m+1s Starts at 1600hrs ST"]
[Site "Infinity Chess"]
[Date "2018.4.11"]
[Round "3"]
[White "Deep_Impact"]
[Black "Time_bandit"]
[Result "1/2-1/2"]
[ECO "D21"]
[WhiteElo "2447"]
[BlackElo "2434"]
[WhiteEngine "asmFishW_2018-04-07_bmi2"]
[BlackEngine "asmFishW_2018-02-02_popcnt"]
[EventType "Swiss"]
[WhiteTeam ""]
[BlackTeam ""]
[PlyCount "100"]
[TimeControl "720+1"]

1. d4 d5 2. c4 dxc4 3. Nf3 e6 4. e3 Nf6 5. Bxc4 a6 6. O-O c5 7. b3 b5 
8. Be2 Nbd7 9. a4 b4 10. Ne5 Bb7 11. Bf3 Bxf3 12. Qxf3 cxd4 13. exd4 Bd6 
14. Bb2 O-O 15. Nd2 Rc8 16. Ndc4 Nb6 17. Nxd6 Qxd6 18. Rac1 Qd5 19. Qxd5 Nbxd5 
20. Rxc8 Rxc8 21. Rc1 Nc3 22. Kf1 Nfd5 23. g3 Kf8 24. a5 Ke7 25. Kg2 Rc7 
26. Nd3 Kd6 27. Kf3 Ke7 28. h4 Kd6 29. h5 f5 30. Nxb4 Nxb4 31. Rxc3 Rb7 
32. Ba3 Kd7 33. Bxb4 Rxb4 34. Ke2 Rxd4 35. f3 Rb4 36. Rd3+ Ke7 37. Rc3 Rb5 
38. b4 Rxb4 39. Rc7+ Kf6 40. Rc6 f4 41. gxf4 Rxf4 42. Rxa6 Ra4 43. h6 gxh6 
44. Ra7 h5 45. Rxh7 h4 46. Rh6+ Kg5 47. Rxe6 h3 48. Kf2 h2 49. Kg2 h1=Q+ 
50. Kxh1 Ra3 1/2-1/2

[Event "Wednesday Apr 11 Engine Tour 9 Rd Swiss 12m+1s Starts at 1600hrs ST"]
[Site "Infinity Chess"]
[Date "2018.4.11"]
[Round "3"]
[White "Murx"]
[Black "Thinker"]
[Result "1/2-1/2"]
[ECO "A22"]
[WhiteElo "2461"]
[BlackElo "2432"]
[WhiteEngine "asmFishW_2018-04-07_popcnt"]
[BlackEngine "BrainFish_180408_x64_modern_CTG"]
[EventType "Swiss"]
[WhiteTeam ""]
[BlackTeam ""]
[PlyCount "231"]
[TimeControl "720+1"]

1. c4 e5 2. Nc3 Nf6 3. Nf3 Nc6 4. g3 d5 5. cxd5 Nxd5 6. Bg2 Nb6 7. O-O Be7 
8. d3 O-O 9. Be3 Be6 10. a3 a5 11. Bxb6 cxb6 12. e3 Qd7 13. Qa4 Qxd3 
14. Rfd1 Qf5 15. Nd2 Rad8 16. Qb5 Bc5 17. Nce4 Na7 18. Qf1 Be7 19. Nc4 Qg4 
20. Nxb6 Bb3 21. Rxd8 Rxd8 22. Nc4 Nc6 23. Ncd2 Bd5 24. Qb5 Qe6 25. Bf1 Qf5 
26. Bg2 Qe6 27. Bf1 Qf5 28. Rc1 g6 29. Bg2 Qe6 30. Bf1 Qf5 31. Bd3 Kg7 
32. Rd1 Qc8 33. Nc3 Be6 34. Be2 Qc7 35. Bf3 f5 36. Bd5 Bd7 37. Qb3 e4 
38. Nc4 Bf6 39. Nb5 Qb8 40. h3 Ne5 41. Nxa5 Bc6 42. Kg2 h5 43. Bxc6 Rxd1 
44. Qxd1 bxc6 45. Nd4 Qxb2 46. Qb3 Qa1 47. Naxc6 Nd3 48. h4 Qe1 49. Qa2 Qd1 
50. Qe2 Qa1 51. Nc2 Qa2 52. Kh2 Bc3 53. N6d4 Bxd4 54. Nxd4 Qxa3 55. Ne6+ Kf6 
56. Nd4 Qb2 57. Qxb2 Nxb2 58. Kh3 Ke5 59. Kg2 Nd3 60. Nc6+ Kd6 61. Nd4 Ke5 
62. Nc6+ Kf6 63. Kf1 Kg7 64. Ke2 Kh6 65. f3 Kg7 66. f4 Kf7 67. Nd4 Ke7 
68. Nb5 Nb2 69. Kf2 Kf7 70. Nc7 Nd3+ 71. Ke2 Nc5 72. Nd5 Na4 73. Kd2 Ke6 
74. Nc7+ Kd7 75. Nb5 Nb2 76. Na3 Ke6 77. Nc2 Nc4+ 78. Ke2 Kd7 79. Nd4 Ke7 
80. Kf2 Kd7 81. Ne2 Nd6 82. Ke1 Nc4 83. Kf2 Ke6 84. Nd4+ Kd5 85. Ne2 Ke6 
86. Nc3 Nb2 87. Nb5 Nd3+ 88. Ke2 Nc5 89. Nd4+ Kd6 90. Kf2 Ke7 91. Ke1 Nd3+ 
92. Kd1 Kd6 93. Nb5+ Kc5 94. Nd4 Kd6 95. Ke2 Kd5 96. Kd1 Nb2+ 97. Kd2 Nc4+ 
98. Ke2 Kd6 99. Nc2 Na5 100. Nd4 Ke7 101. Kd2 Nc4+ 102. Ke2 Na5 103. Nb5 Kf7 
104. Nd6+ Ke6 105. Ne8 Nc4 106. Nc7+ Ke7 107. Kf2 Nb2 108. Ke2 Kf7 109. Nb5 Ke6 
110. Nc7+ Kf7 111. Nd5 Nd3 112. Kd1 Nf2+ 113. Ke2 Nd3 114. Nc3 Nc5 115. Nd5 Na4 
116. Kf2 1/2-1/2